AoeStats
← ♛αнιяeт кαмeяαsı♛

Arabia

505423034Analyzed
1v1 RM · 21d ago on Sep 9, 2026· 26m 13s· 2 players
Game mode
Random Map
Map size
Tiny (2 player)
Population
200
Speed
Normal
Resources
Standard
Victory
Conquest
Starting age
Dark Age
Ending age
Imperial Age
RankedLock teamsTeams togetherTeam positionsShared explorationLock speedFull tech treeHidden civsTurbo modeCheats
Victory
Defeat
🇹🇼 Vikings · Taiwan
1092
+14
1049
-14
♛αнιяeт кαмeяαsı♛
8:56 Loom
12:22 Feudal Age
12:46 Man-at-Arms
13:12 Arson
22:01 Double-Bit Axe
22:43 Fletching
26:36 Padded Archer Armor
梨子假蘋果
7:11 Loom
9:36 Feudal Age
15:00 Fletching
24:13 Castle Age
23:51 Padded Archer Armor
24:14 Crossbowman
24:54 Bodkin Arrow
Connection lost

Rejoining the realm…

Still unreachable

The connection could not be restored.

Session expired

The server has moved on; the page needs a fresh start.